 Dungeon Crawl Stone Soup version 0.15.1-3-g1b33baa (webtiles) character file.

282 CrazyArbalest the Cutter (level 6, 0/39 HPs)
             Began as a Kobold Chaos Knight on Oct 6, 2014.
             Was a Plaything of Xom.
             Killed from afar by an orc wizard (6 damage)
             ... with a magic dart
             ... on Level 4 of the Dungeon.
             The game lasted 00:18:13 (3253 turns).

CrazyArbalest the Cutter (Kobold Chaos Knight)      Turns: 3253, Time: 00:18:13

HP   0/39        AC  6     Str  9 (10) XL: 6   Next: 53%
MP   6/6         EV 11     Int 10      God: Xom
Gold 181         SH  0     Dex 18      Spells:  0 memorised,  5 levels left

rFire  . . .     SeeInvis .     b - +0 arbalest
rCold  . . .     Clarity  .     f - +0 ring mail (curse)
rNeg   . . .     rCorr    .     (no shield)
rPois  .         rRot     .     l - +0 helmet
rElec  .         Spirit   .     (no cloak)
SustAb .         Warding  .     (no gloves)
rMut   .         Stasis   .     (no boots)
Gourm  .                        (no amulet)
MR     .....                    (no ring)
                                (no ring)

@: not resistant to hostile enchantments, unstealthy
A: carnivore 3
a: Renounce Religion


You were on level 4 of the Dungeon.
You worshipped Xom.
You were a special plaything of Xom.
You were not hungry.

You visited 1 branch of the dungeon, and saw 4 of its levels.

You collected 181 gold pieces.

Inventory:

Hand weapons
 a - a +0 short sword of chaos
 b - a +0 arbalest (weapon)
Missiles
 e - 31 bolts (quivered)
 h - 20 bolts of penetration
Armour
 f - a cursed +0 ring mail (worn)
 j - a +2 leather armour
 l - a +0 helmet (worn)
 u - a cursed +0 ring mail
Comestibles
 c - 2 meat rations
 g - a slice of pizza
 o - 2 rotting chunks of hobgoblin flesh
 t - a chunk of adder flesh
 w - 2 chunks of worker ant flesh
Scrolls
 i - a scroll of immolation {unknown}
 k - 2 scrolls of random uselessness {unknown}
 m - 2 scrolls of remove curse {unknown}
 p - a scroll of fog {unknown}
 s - a scroll of identify {unknown}
 x - a scroll of teleportation {unknown}
Potions
 d - 3 potions of agility
 n - a potion of curing {unknown}
 q - a potion of restore abilities {unknown}
 r - a potion of flight {unknown}
 v - a potion of invisibility {unknown}
 z - a potion of brilliance {unknown}


   Skills:
 + Level 4.4 Fighting
 + Level 5.4 Short Blades
 * Level 0.5 Crossbows
 + Level 2.3 Armour
 + Level 4.4 Dodging
 + Level 2.0 Stealth


You had 5 spell levels left.
You didn't know any spells.

Dungeon Overview and Level Annotations

Branches:
Dungeon (4/15)
 Temple: D:4-7

Altars:
Nemelex Xobeh
Okawaru


Innate Abilities, Weirdness & Mutations

You are small and have problems with some larger weapons.
You are carnivorous and can eat meat at any time.


Message History

Found 11 stones.
Found a stone staircase leading down.
The orc wizard casts a spell.
You feel a wave of unholy energy pass over you.
An orc comes into view. It is wielding a hand axe.
An orc wizard comes into view. It is wielding a dagger.
The orc shouts!
An orc priest comes into view.
The orc priest shouts!
The orc priest drinks a potion.
The orc priest suddenly seems more agile.
An orc wizard comes into view. It is wielding a dagger.
The orc wizard shouts!
The orc wizard becomes somewhat translucent.
The orc wizard gestures wildly while chanting.
The orc wizard seems to speed up.
The orc wizard glows brightly for a moment.
The orc wizard casts a spell at you. The magic dart hits you!
You die...
Xom snickers!

#......o....##
#.####.#....# #.#
#.##...## #.#
#.##..o.# #.#
#o##...o######.##
#.#
#o##............#
#.#
#l...#..##.####..
#.# #..###..# #
#.# #@.# #..# .##
#.# #..# #..#...#
#.####..###......#
#...<............#
####.#..###......#
#.#..# ##.......
#.#..# #.......
#.#<.# #......
#.#..# #..#.#


You could see an iguana, an orc priest, 3 orc wizards and an orc.

Vanquished Creatures
  A crimson imp (D:2)
  A hound (D:3)
  An orc wizard (D:3)
  An iguana (D:3)
  A worker ant (D:4)
  8 adders
  2 worms (D:2)
  5 giant geckos
  An ooze (D:3)
  5 orcs (D:3)
  2 ball pythons
  2 giant cockroaches
  8 goblins
  11 hobgoblins
  6 jackals
  A quokka (D:3)
  10 bats
  4 giant newts
  9 kobolds
  9 rats
88 creatures vanquished.

Notes
Turn   | Place    | Note
--------------------------------------------------------------
     0 | D:1      | CrazyArbalest, the Kobold Chaos Knight, began the quest for the Orb.
     0 | D:1      | Reached XP level 1. HP: 14/14 MP: 1/1
   193 | D:1      | Reached XP level 2. HP: 19/19 MP: 2/2
   237 | D:1      | XOM: silly message
   731 | D:1      | Reached skill level 1 in Armour
   799 | D:2      | Reached XP level 3. HP: 12/23 MP: 3/3
   809 | D:2      | XOM: 2-stop teleportation journey
  1109 | D:2      | XOM: 1-stop teleportation journey
  1268 | D:2      | Reached XP level 4. HP: 22/29 MP: 4/4
  1561 | D:2      | XOM: silly message
  1780 | D:2      | XOM: summons 1 hostile demon
  1840 | D:2      | Found a sparkling altar of Nemelex Xobeh.
  2268 | D:3      | Reached XP level 5. HP: 33/33 MP: 5/5
  2360 | D:3      | XOM: 1-stop teleportation journey
  2363 | D:3      | Reached skill level 1 in Stealth
  2392 | D:3      | Reached skill level 5 in Short Blades
  2480 | D:3      | XOM: noise
  2535 | D:3      | Reached XP level 6. HP: 36/39 MP: 6/6
  2558 | D:3      | XOM: stat loss: -1 Str (9/10)
  2943 | D:3      | Found an iron altar of Okawaru.
  3166 | D:4      | XOM: confusion
  3233 | D:4      | XOM: blink monster(s)
  3253 | D:4      | Killed from afar by an orc wizard

Action                   |  1- 3 |  4- 6 || total
-------------------------+-------+-------++-------
Melee: Short sword       |    90 |   220 ||   310
 Fire: Arbalest          |       |    17 ||    17
 Stab: Confused          |     1 |       ||     1
       Paralysed         |       |     3 ||     3
       Petrified         |       |     1 ||     1
  Eat: Chunk             |     1 |     7 ||     8
